 Dungeon Crawl Stone Soup version 0.20.2-3-g29329e0561 (webtiles) character file.

648 Alfie the Cutter (level 7, -1/61 HPs)
             Began as a Hill Orc Fighter on Mar 7, 2024.
             Slain by an iguana (6 damage)
             ... on level 5 of the Dungeon.
             The game lasted 00:08:07 (3027 turns).

Alfie the Cutter (Hill Orc Fighter)                 Turns: 3027, Time: 00:08:07

Health: -1/61      AC:  8    Str: 21    XL:     7   Next: 53%
Magic:  7/7        EV:  8    Int:  8    God:
Gold:   142        SH: 11    Dex: 10    Spells: 6/6 levels left

rFire    . . .     SeeInvis .   a - +0 rapier
rCold    . . .     Gourm    +   c - +1 shield
rNeg     . . .     Faith    .   b - +1 scale mail
rPois    .         Spirit   .   (no helmet)
rElec    .         Reflect  .   (no cloak)
rCorr    .         Harm     .   (no gloves)
MR       .....                  (no boots)
Stlth    +.........             f - amulet of the gourmand
Regen    0.2/turn               h - ring of stealth
MPRegen  0.1/turn               (no ring)

@: no status effects
A: no striking features
a: no special abilities


You were on level 5 of the Dungeon.
You were not hungry.

You visited 1 branch of the dungeon, and saw 5 of its levels.

You collected 142 gold pieces.

Inventory:

Hand Weapons
 a - a +0 rapier (weapon)
Armour
 b - a +1 scale mail (worn)
 c - a +1 shield (worn)
Jewellery
 f - an amulet of the gourmand (around neck)
 h - a ring of stealth (left hand)
Wands
 r - a wand of enslavement (20/24)
Scrolls
 e - a scroll of fog {unknown}
 g - 6 scrolls of remove curse
 i - 3 scrolls of recharging {unknown}
 j - a scroll of amnesia {unknown}
 l - a scroll of magic mapping
 m - a scroll of identify {unknown}
 n - a scroll of enchant weapon {unknown}
Potions
 d - a potion of flight {unknown}
 k - a potion of haste {unknown}
 o - a potion of mutation {unknown}
 q - 3 potions of curing
 s - a potion of heal wounds {unknown}
Comestibles
 p - 2 meat rations


   Skills:
 + Level 5.1 Fighting
 + Level 5.5 Short Blades
 + Level 4.8 Armour
 + Level 1.0 Dodging
 + Level 0.3 Stealth
 + Level 5.0 Shields


You had 6 spell levels left.
You didn't know any spells.

Dungeon Overview and Level Annotations

Branches:
Dungeon (5/15)
 Temple: D:4-7

Altars:
Cheibriados
Elyvilon
Hepliaklqana
Nemelex Xobeh
Ru

Annotations:
D:2 2 transporters
D:4 Alfie's ghost, amateur HOFi


Message History

You block the ogre's attack.
You puncture the ogre!
You kill the ogre!
Your Shields skill increases to level 5!
You see here a giant spiked club.
An iguana comes into view.
You hit the iguana.
The iguana is moderately wounded.
You block the iguana's attack.
Your shield and scale mail prevent you from hitting the iguana.
The iguana is moderately wounded.
You block the iguana's attack.
You closely miss the iguana.
The iguana is moderately wounded.
The iguana bites you!
* * * LOW HITPOINT WARNING * * *
You hit the iguana.
The iguana is moderately wounded.
The iguana bites you.
You die...

# #....# #.#.#....###
#.#.#....#.. #... ....#.#
#.#...##...#.#
...........#.# ####
###.##.....#.# #...
.......l...#.########.##
#######@...............#
#.........#.########...
####...)##..[#.# ###...
........##...#.# #.....
###............######.#.##
#........>......<.#.#...
#............######.####
#............# #.#
#............# #.#


You could see an iguana.

Vanquished Creatures
  Sigmund (D:4)
  Edmund (D:4)
  2 ogres
  An iguana (D:4)
  Natasha (D:3)
  Robin (D:2)
  4 adders
  An ooze (D:2)
  3 worms (D:2)
  3 dart slugs (D:1)
  7 orcs (D:3)
  8 bats
  5 giant cockroaches
  15 goblins
  7 hobgoblins
  9 jackals
  11 kobolds
  A quokka (D:2)
  2 rats
83 creatures vanquished.

Notes
Turn   | Place    | Note
-------+----------+-------------------------------------------
     0 | D:1      | Alfie the Hill Orc Fighter began the quest for the Orb.
     0 | D:1      | Reached XP level 1. HP: 19/19 MP: 1/1
   106 | D:1      | Reached XP level 2. HP: 20/27 MP: 2/2
   406 | D:1      | Reached XP level 3. HP: 33/33 MP: 3/3
   915 | D:2      | Found a snail-covered altar of Cheibriados.
  1045 | D:2      | Reached XP level 4. HP: 8/40 MP: 4/4
  1364 | D:2      | Found a transporter.
  1368 | D:2      | Noticed a bullfrog
  1371 | D:2      | Found a transporter.
  1384 | D:2      | Found a sacrificial altar of Ru.
  1386 | D:2      | Noticed Robin
  1438 | D:2      | Killed Robin
  1507 | D:2      | HP: 1/40 [worm (5)]
  1724 | D:2      | Found a hazy altar of Hepliaklqana.
  1949 | D:3      | Noticed Natasha
  1952 | D:3      | Reached XP level 5. HP: 46/46 MP: 5/5
  1954 | D:3      | Killed Natasha
  2305 | D:3      | Noticed an ogre
  2317 | D:3      | Killed an ogre
  2317 | D:3      | Reached XP level 6. HP: 28/53 MP: 6/6
  2558 | D:3      | Found a white marble altar of Elyvilon.
  2559 | D:3      | Found a sparkling altar of Nemelex Xobeh.
  2648 | D:4      | Noticed Edmund
  2659 | D:4      | Killed Edmund
  2659 | D:4      | Reached skill level 1 in Dodging
  2671 | D:4      | Noticed Sigmund
  2683 | D:4      | Killed Sigmund
  2683 | D:4      | Reached skill level 5 in Fighting
  2683 | D:4      | Reached skill level 5 in Short Blades
  2683 | D:4      | Reached XP level 7. HP: 50/61 MP: 7/7
  2720 | D:4      | Noticed Alfie's ghost (amateur HOFi)
  2799 | D:5      | Entered Level 5 of the Dungeon
  3019 | D:5      | Reached skill level 5 in Shields
  3027 | D:5      | Slain by an iguana

Skill      XL: |  1  2  3  4  5  6  7 |
---------------+----------------------+-----
Fighting       | 4 5 |  5.1
Armour         | 4 |  4.8
Short Blades   | 3 4 5 |  5.5
Shields        | 4 5 |  5.0
Dodging        | 1 |  1.0
Stealth        | |  0.3

Action                   |  1- 3 |  4- 6 |  7- 9 || total
-------------------------+-------+-------+-------++-------
Melee: Rapier            |   117 |   178 |    37 ||   332
  Use: Potion            |       |     3 |       ||     3
       Scroll            |       |     5 |     1 ||     6
  Eat: Royal jelly       |     1 |       |     1 ||     2
       Bread ration      |       |     1 |       ||     1
Armor: Scale mail        |    60 |    61 |    15 ||   136
Dodge: Dodged            |    25 |    46 |    11 ||    82
Block: Shield            |    62 |    83 |    30 ||   175
